 Dungeon Crawl Stone Soup version 0.32-a0-909-gc671339a80 (webtiles) character file.

Game seed: 4008880042365225381

88 Twinkles the Ruffian (level 4, -3/29 HPs)
             Began as an Octopode Shapeshifter on Apr 6, 2024.
             Killed from afar by an orc wizard (10 damage)
             ... with a magic dart
             ... on level 3 of the Dungeon.
             The game lasted 00:03:15 (1663 turns).

Twinkles the Ruffian (Octopode Shapeshifter)        Turns: 1663, Time: 00:03:16

Health: -3/29      AC:  1    Str: 13 (15) XL:     4   Next: 53%
Magic:  4/4        EV: 13    Int: 11 (12) God:
Gold:   110        SH:  0    Dex: 16 (17) Spells: 3/3 levels left

rFire   . .          .
                       - Unarmed
rCold   . . .        (no shield)
rNeg    . . .        (helmet currently unavailable)
rPois   .            (no amulet)
rElec   .            k - +6 ring of dexterity
rCorr   .            (no ring)
SInv    .            (no ring)
Will    .....        (no ring)
Stlth   +++          (no ring)
HPRegen 0.24/turn    (no ring)
MPRegen 0.09/turn    (no ring)
                     (no ring)

%: no passive effects
@: beast-form
A: beast (slay +1), almost no armour, amphibious, 8 rings, camouflage 1,
gelatinous body 1, (nimble swimmer 1), tentacles, screaming 1, noise suppression
a: Begin Untransformation


You were on level 3 of the Dungeon.
You were a hulking beast.
You visited 1 branch of the dungeon, and saw 3 of its levels.

You collected 110 gold pieces.

Inventory:

Jewellery
 k - a +6 ring of dexterity (left tentacle)
 m - a +5 ring of evasion
Talismans
 b - a beast talisman (active)
 c - a flux talisman
Wands
 i - a wand of quicksilver (10)
Scrolls
 a - 4 scrolls of identify {unknown}
 e - a scroll of noise {unknown}
 g - a scroll of poison {unknown}
Potions
 d - a potion of cancellation {unknown}
 f - a potion of degeneration
 h - a potion of brilliance {unknown}
 j - a potion of curing {unknown}
 G - a potion of ambrosia
 P - 2 potions of lignification
 U - a potion of mutation


   Skills:
 + Level 2.1 Fighting
 + Level 2.7 Dodging
 + Level 1.5 Stealth
 + Level 3.6 Unarmed Combat
 + Level 3.4 Shapeshifting


You had 3 spell levels left.
You didn't know any spells.
Your spell library contained the following spells:

 Spells                   Type           Power      Damage    Failure   Level
 Teleport Other           Tloc           0%         N/A       71%         3
 Dispersal                Tloc           0%         N/A       100%        6
 Gell's Gavotte           Tloc           0%         2d(11-16) 100%        6


Dungeon Overview and Level Annotations

Branches:
Dungeon (3/15) Zot: 16342

Altars:


Innate Abilities, Weirdness & Mutations

You are a hulking beast.
Your limbs bulge with bestial killing power. (Slay +1)
You cannot wear most types of armour.
You are amphibious.
You can wear up to eight rings at the same time.
Your skin changes colour to match your surroundings (Stealth+).
Your rubbery body absorbs attacks. (AC +1, EV +1)
((You are camouflaged when in or above water. (Stealth+)))
You have tentacles for arms and can constrict up to eight enemies at once.
You occasionally shout uncontrollably at your foes.
You passively dampen the noise of your surroundings.


Message History

* * * LOW HITPOINT WARNING * * *
The orc attacks as it pursues you! The orc barely misses you.
The orc attacks as it pursues you! The orc hits you with a +0 hand axe.
* * * LOW HITPOINT WARNING * * *
You tentacle-slap the orc. You grab the orc. You squeeze the orc.
You kill the orc!
It was a potion of degeneration.
There was something very wrong with that liquid.
You feel weakened.
You feel dopey.
You feel clumsy.
f - a potion of degeneration;
j - a fizzy amethyst potion It was a potion of mutation.
You feel extremely strange.
You feel the urge to shout.
You feel your surroundings grow quieter.
U - a potion of mutation It was a potion of ambrosia.
You are confused.
You feel invigorated.
G - a potion of ambrosia The ribbon worm closely misses you.
You tentacle-slap the ribbon worm.
The ribbon worm is lightly wounded.
The ribbon worm closely misses you.
You feel less invigorated.
You feel less confused. The ribbon worm bites you!
You tentacle-slap the ribbon worm. You grab the ribbon worm.
The ribbon worm is moderately wounded.
You constrict the ribbon worm. You tentacle-slap the ribbon worm.
The ribbon worm is severely wounded.
You constrict the ribbon worm. The ribbon worm bites you.
You tentacle-slap the ribbon worm.
You kill the ribbon worm!
You barely miss something. Your squeeze misses something. Something hits you.
* * * LOW HITPOINT WARNING * * *
You barely miss something. You squeeze something.
You hear some strange, mumbled words.
A magic dart appears from out of thin air!
The magic dart hits you!
You die...

. ... #####...#
#h......# #{###.#..#
###o###.# . #########
#.oo....# ..
........###o##.####...
#######......†.###....
#..<......#o.......# #
#..........o.....#...#
#............)....#


You could see 3 orcs.

Vanquished Creatures
  A gnoll (D:2)
  An adder (D:2)
  A dart slug (D:3)
  3 ribbon worms
  3 orcs (D:3)
  2 ball pythons (D:2)
  2 endoplasms
  5 giant cockroaches
  4 goblins
  5 hobgoblins
  5 jackals
  4 quokkas
  6 bats
  3 frilled lizards
  5 kobolds
  3 rats
53 creatures vanquished.

Notes
Turn   | Place    | Note
-------+----------+-------------------------------------------
     0 | D:1      | Twinkles the Octopode Shapeshifter began the quest for the
                  | Orb.
     0 | D:1      | Reached XP level 1. HP: 13/13 MP: 1/1
    96 | D:1      | Reached XP level 2. HP: 15/18 MP: 2/2
   424 | D:1      | Reached XP level 3. HP: 23/23 MP: 3/3
  1040 | D:2      | Reached skill level 1 in Stealth
  1056 | D:2      | Reached XP level 4. HP: 29/29 MP: 4/4
  1649 | D:3      | HP: 6/29 [orc/+0 hand axe (7)]
  1654 | D:3      | Gained mutation: You occasionally shout uncontrollably at
                  | your foes. [potion of mutation]
  1654 | D:3      | Gained mutation: You passively dampen the noise of your
                  | surroundings. [potion of mutation]
  1662 | D:3      | HP: 6/29 [something (3)]
  1663 | D:3      | Killed from afar by an orc wizard

Illustrated notes

Levels and vault maps discovered:
D:1:      dpeg_arrival_brainrot, layout_basic
D:2:      layout_basic, serial_aquarium, aquarium_bridge_straight
          [aquarium_subvault_bridge, aquarium_subvault_wall,
          aquarium_subvault_bridge, aquarium_subvault_window],
          aquarium_bridge_square [aquarium_subvault_window,
          aquarium_subvault_wall, aquarium_subvault_wall,
          aquarium_subvault_bridge], aquarium_window_3, aquarium_window_1,
          aquarium_window_2, aquarium_window_2, aquarium_view_2b,
          aquarium_balcony_3a
D:3:      layout_rooms, chequers_serial_rivers_room_b

Skill      XL: |  1  2  3  4 |
---------------+-------------+-----
Stealth        | 1 |  1.5
Fighting       | 2 |  2.1
Dodging        | |  2.7
Unarmed Combat | |  3.6
Shapeshifting  | |  3.4

Action                     |  1- 3 |  4- 6 || total
---------------------------+-------+-------++-------
  Melee: Unarmed           |    62 |    27 ||    89
         Constrict         |    21 |    11 ||    32
         Tentacles         |    12 |     7 ||    19
         Punch             |     1 |     1 ||     2
    Use: Potion            |       |     3 ||     3
   Stab: Sleeping          |     2 |     3 ||     5
         Distracted        |       |     1 ||     1
 Armour: Skin              |    30 |    18 ||    48
  Dodge: Dodged            |    31 |    16 ||    47

Table legend: (Time is in decaauts)
 A = Elapsed time spent in this place.
 B = Non-inter-level travel time spent in this place.
 C = Inter-level travel time spent in this place.
 D = Time resting spent in this place.
 E = Time spent auto-exploring this place.
 F = Levels seen in this place.
 G = Mean time per level.
                   A        B        C        D        E       F      G
               +--------+--------+--------+--------+--------+-----+--------+
         Total |   1656 |   1502 |    154 |      0 |   1215 |   3 |  552.0 |
       Dungeon |   1656 |   1502 |    154 |      0 |   1215 |   3 |  552.0 |
               +--------+--------+--------+--------+--------+-----+--------+

Top non-repeatable levels by time:
     D:1: 920 daAuts
     D:2: 694 daAuts
     D:3: 40 daAuts
